 Dungeon Sprint DCSS version 0.30-a0-1163-gf69bf04e7a (webtiles) character file.

Game seed: 2373206758796474432

4287 NateTC the Peltast (level 10, -2/102 HPs)
             Began as a Minotaur Fighter on Apr 22, 2023.
             Was a High Priest of Okawaru.
             Killed from afar by a deep elf zephyrmancer (14 damage)
             ... with a bolt of lightning
             ... in the Dungeon (Sprint V: "Ziggurat Sprint") on Apr 29, 2023.
             The game lasted 00:08:20 (545 turns).

NateTC the Peltast (Minotaur Fighter)                Turns: 545, Time: 00:08:21

Health: -2/102     AC: 24    Str: 30    XL:     10   Next: 10%
Magic:  0/9        EV:  1    Int:  5    God:    Okawaru [*****.]
Gold:   0          SH: 32    Dex: 17    Spells: 9/9 levels left

rFire   + . .        c - +5 demon trident
rCold   + . .        E - +18 shield of the Gong {Loud rN+ Will+ rCorr EV-5}
rNeg    + . .        l - +5 gold dragon scales
rPois   +            (helmet restricted)
rElec   .            (no cloak)
rCorr   +            (no gloves)
SInv    .            (no boots)
Will    +....        o - amulet of guardian spirit
Stlth   x              - +6 ring of dexterity
HPRegen 0.37/turn    B - +6 ring of strength
MPRegen 0.11/turn

%: no teleportation, guardian spirit
@: hasted, invisible, very quick
A: horns 2, retaliatory headbutt
a: Renounce Religion, Heroism, Finesse


You were in the Dungeon.
You worshipped Okawaru.
Okawaru was extremely pleased with you.
You visited 1 branch

Inventory:

Hand Weapons
 a - a +5 bardiche
 c - a +5 demon trident (weapon)
Armour
 k - a +5 crystal plate armour
 l - +5 gold dragon scales (worn)
 E - the +18 shield of the Gong (worn) {Loud rN+ Will+ rCorr EV-5}
   (You found it in the Dungeon)

   Loud:      It is deafeningly noisy when blocking attacks.
   EV:        It affects your evasion (-5).
   rN:        It protects you from negative energy.
   rCorr:     It protects you from acid and corrosion.
   Will:      It increases your willpower.
 F - the +0 chain mail of Pizehu {-Cast Harm +Blink rN+++ Int-4}
   (You found it in the Dungeon)

   Int:       It affects your intelligence (-4).
   rN:        It renders you almost immune to negative energy.
   +Blink:    It lets you blink.
   -Cast:     It prevents spellcasting.
   Harm:      It increases damage dealt and taken.
Jewellery
 o - an amulet of guardian spirit (around neck)
 w - a ring of flight
 x - a +6 ring of dexterity (left hand)
 y - a +6 ring of dexterity
 z - a +6 ring of intelligence
 A - a +6 ring of intelligence
 B - a +6 ring of strength (right hand)
 C - a +6 ring of strength
 G - a ring of fire
 J - a ring of protection from fire
Wands
 t - a wand of mindburst (6)
 u - a wand of iceblast (9)
 v - a wand of quicksilver (11)
 D - a wand of polymorph (10)
 H - a wand of flame (20)
 I - a wand of digging (9)
Scrolls
 j - 4 scrolls of blinking
 p - 4 scrolls of amnesia
 q - 7 scrolls of fog
 r - 5 scrolls of identify
 s - 2 scrolls of fear
Potions
 b - 2 potions of brilliance
 d - 7 potions of might
 e - 10 potions of curing
 f - 10 potions of heal wounds
 g - 5 potions of haste
 h - 7 potions of magic
 i - 3 potions of berserk rage
 m - a potion of invisibility
 n - 4 potions of resistance


   Skills:
 + Level 13.8 Fighting
 + Level 13.5 Polearms
 + Level 13.8 Armour
 + Level 16.5 Shields


You had 9 spell levels left.
You didn't know any spells.
Your spell library contained the following spells:

 Spells                   Type           Power      Damage    Failure   Level
 Cigotuvi's Dreadful Rot  Necr/Pois/Air  0%         N/A       100%        2
 Ensorcelled Hibernation  Hex/Ice        0%         N/A       100%        2
 Passwall                 Tmut/Erth      0%         N/A       100%        2
 Swiftness                Air            0%         N/A       100%        3
 Cause Fear               Hex            0%         N/A       100%        4
 Dispel Undead            Necr           0%         3d6       100%        4
 Dragon Form              Tmut           0%         N/A       100%        7
 Death Channel            Necr           Unusable   N/A       N/A         6
 Dragon's Call            Summ           Unusable   N/A       N/A         9

Dungeon Overview and Level Annotations

Branches:
Dungeon (1/1) Zot: 27000

Altars:
Ashenzari
Cheibriados
Dithmenos
Elyvilon
Fedhas
Gozag
Hepliaklqana
Kikubaaqudgha
Makhleb
Nemelex Xobeh
Okawaru
Qazlal
Ru
Sif Muna
Trog
Uskayaw
Vehumet
Wu Jian
Xom
Yredelemnul
Zin
The Shining One
Jiyva
Lugonu


Innate Abilities, Weirdness & Mutations

You have a pair of horns on your head.
You reflexively headbutt those who attack you in melee.


Message History

Okawaru accepts your kill.
Found a transporter.
The white imp lashes its tail.
The white imp gestures at you. You block the puff of frost.
BONNNG!
You see here a hell hound corpse.
You block the white imp's attack.
SHROANNG!
You impale the white imp!!
You kill the white imp!
Okawaru accepts your kill.
You see here the staff of cold "Azuoliul" {rElec rC+}.
You pick up a book of the Dragon and begin reading...
You add the spells Cause Fear and Dragon Form to your library.
J - a ring of protection from fire
H - a wand of flame (20) (gained 13 charges)
There is a transporter here.
You see here a +0 great mace of protection.
You see here the +1 leather armour of the Red Skies {rF+ rC+ rCorr}.
There is a transporter here.
Welcome to arena 9.
You enter the transporter and appear at another place.
A deep elf pyromancer, a +2 war axe of freezing, a fire elemental and 5 deep elf zephyrmancers come into view.
A deep elf zephyrmancer is wielding a +2 dagger of draining.
The deep elf pyromancer shouts!
The deep elf zephyrmancer shouts! x4
Found eight items.
You fade into invisibility!
The deep elf zephyrmancer gestures at you while chanting.
The bolt of lightning hits you!!
The deep elf pyromancer casts a spell.
The deep elf pyromancer blinks!
You feel yourself speed up.
The deep elf zephyrmancer points at you and mumbles some strange words.
The bolt of lightning hits you!!
The deep elf zephyrmancer points at you and mumbles some strange words.
The bolt of lightning hits you!!
* * * LOW HITPOINT WARNING * * *
The bolt of lightning hits you!
You die...

▓..8©8..▓
▓..=")○[.e▓..:[|..▓
▓...)(|...▓....)..▓
▓..e○ee...▓.......▓
▓..Eee....▓.......▓
▓.........▓.......▓
▓.........▓..†....▓
▓.........▓†▓...▓.▓
▓....@....▓.†.©...▓
▓▓▓▓▓▓▓▓▓▓▓▓▓▓▓▓▓▓▓


You could see a deep elf pyromancer (unable to see you), 5 deep elf
zephyrmancers, a fire elemental (unable to see you) and a +2 war axe of freezing
(unable to see you).

Vanquished Creatures
  A worldbinder (D)
  A naga mage (D)
  A komodo dragon (D)
  A polar bear (D)
  3 tarantellas (D)
  A yak (D)
  3 fire elementals (D)
  A naga (D)
  3 hell hounds (D)
  3 water moccasins (D)
  A wolf (D)
  2 bullfrogs (D)
  6 scorpions (D)
  2 quasits (D)
  An iguana (D)
  An iron imp (D)
  An adder (D)
  A white imp (D)
  An adder skeleton (D)
  A bat skeleton (D)
  A ball python skeleton (D)
  A quokka simulacrum (D)
37 creatures vanquished.

Notes
Turn   | Place    | Note
-------+----------+-------------------------------------------
     0 | D        | NateTC the Minotaur Fighter began the quest for the Orb.
     0 | D        | Reached XP level 1. HP: 19/19 MP: 0/0
    16 | D        | Found a shimmering blue altar of Sif Muna.
    16 | D        | Found a sacrificial altar of Ru.
    16 | D        | Found a bloodstained altar of Trog.
    16 | D        | Found a stormy altar of Qazlal.
    16 | D        | Found an iron altar of Okawaru.
    16 | D        | Found a sparkling altar of Nemelex Xobeh.
    16 | D        | Found a blossoming altar of Fedhas.
    16 | D        | Found the +6 Majin-Bo {spellvamp, MP+6 Int+6}
    16 | D        | Found the +27 heavy crossbow "Sniper" {heavy, Acc+∞ SInv}
    16 | D        | Found the +10 dark maul {heavy}
    16 | D        | Found the +15 Maxwell's patent armour {-Cast -Tele rElec
                  | Will+ rCorr}
    16 | D        | Found the +18 shield of the Gong {Loud rN+ Will+ rCorr
                  | EV-5}
    16 | D        | Found the +16 obsidian axe {drain, demonic, Mesm Drain Fly
                  | SInv}
    16 | D        | Found the +7 great mace "Firestarter" {flame, immolate,
                  | rFlCloud rF++}
    16 | D        | Found the +6 shillelagh "Devastator" {shatter}
    16 | D        | Found the +11 plutonium sword {Contam Stlth-}
    16 | D        | Found the +8 lance "Wyrmbane" {slay drac, rPois rF+ rC+
                  | AC+3}
    16 | D        | Found the +9 sword of Zonguldrok {reap}
    16 | D        | Found the +13 scythe of Curses {drain, curses, Drain}
    16 | D        | Found the +9 sword of Power {lifebolt}
    16 | D        | Found the +7 mace of Variability {chaos, chaos arc}
    16 | D        | Found the +11 Singing Sword {sonic wave}
    16 | D        | Found the +8 storm bow {elec, penet}
    18 | D        | Found a transporter.
    18 | D        | Found an ancient bone altar of Kikubaaqudgha.
    18 | D        | Found a viscous altar of Jiyva.
    18 | D        | Found a corrupted altar of Lugonu.
    18 | D        | Found a hazy altar of Hepliaklqana.
    18 | D        | Found a burning altar of Makhleb.
    18 | D        | Found an opulent altar of Gozag.
    48 | D        | Upgraded the game from 0.30-a0-1123-gabc949cf19 to
                  | 0.30-a0-1124-g6e8f0f562f
    48 | D        | Upgraded the game from 0.30-a0-1124-g6e8f0f562f to
                  | 0.30-a0-1163-gf69bf04e7a
    76 | D        | Became a worshipper of Warmaster Okawaru
    89 | D        | Entered arena 2.
    89 | D        | Noticed a polar bear
    89 | D        | Found a transporter.
    99 | D        | Killed a polar bear
    99 | D        | Reached * piety under Okawaru
    99 | D        | Reached ** piety under Okawaru
   100 | D        | Reached skill level 7 in Shields
   100 | D        | Reached XP level 2. HP: 10/35 MP: 1/1
   100 | D        | Reached XP level 3. HP: 11/40 MP: 2/2
   100 | D        | Reached XP level 4. HP: 14/48 MP: 3/3
   100 | D        | Reached XP level 5. HP: 15/53 MP: 4/4
   240 | D        | Entered arena 3.
   240 | D        | Noticed a fire elemental
   240 | D        | Noticed a fire elemental
   240 | D        | Noticed a fire elemental
   240 | D        | Found a transporter.
   245 | D        | Killed a fire elemental
   246 | D        | Reached skill level 8 in Shields
   246 | D        | Reached XP level 6. HP: 61/62 MP: 2/5
   247 | D        | Killed a fire elemental
   247 | D        | Reached *** piety under Okawaru
   248 | D        | Reached skill level 9 in Shields
   251 | D        | Killed a fire elemental
   252 | D        | Reached skill level 10 in Fighting
   252 | D        | Reached skill level 10 in Armour
   252 | D        | Reached skill level 10 in Shields
   252 | D        | Reached XP level 7. HP: 65/72 MP: 2/6
   289 | D        | Got the +0 chain mail of Pizehu {-Cast Harm +Blink rN+++
                  | Int-4}
   291 | D        | Entered arena 4.
   291 | D        | Noticed a worldbinder
   291 | D        | Found a transporter.
   292 | D        | Noticed a bog body
   292 | D        | Reached skill level 13 in Shields
   292 | D        | Reached XP level 8. HP: 79/79 MP: 7/7
   296 | D        | Noticed a bog body
   297 | D        | Killed a worldbinder
   297 | D        | Reached **** piety under Okawaru
   298 | D        | Reached skill level 10 in Polearms
   298 | D        | Reached skill level 14 in Shields
   312 | D        | Entered arena 5.
   312 | D        | Found a transporter.
   336 | D        | Entered arena 6.
   336 | D        | Found the +8 autumn katana {manifold assault}
   336 | D        | Noticed a tarantella
   336 | D        | Noticed a tarantella
   336 | D        | Noticed a tarantella
   336 | D        | Found a transporter.
   340 | D        | Killed a tarantella
   341 | D        | Reached XP level 9. HP: 88/89 MP: 6/8
   343 | D        | Reached skill level 15 in Shields
   344 | D        | Reached ***** piety under Okawaru
   362 | D        | Entered arena 7.
   362 | D        | Noticed a naga mage
   383 | D        | Killed a naga mage
   388 | D        | Received a gift from Okawaru
   391 | D        | Found a transporter.
   460 | D        | Entered arena 8.
   460 | D        | Noticed a komodo dragon
   464 | D        | Reached skill level 16 in Shields
   490 | D        | Killed a komodo dragon
   491 | D        | Reached XP level 10. HP: 91/101 MP: 9/9
   492 | D        | Found a transporter.
   503 | D        | Entered arena 9.
   524 | D        | Found a transporter.
   543 | D        | Entered arena 10.
   543 | D        | Noticed a deep elf pyromancer
   543 | D        | Noticed a deep elf zephyrmancer
   543 | D        | Noticed a +2 war axe of freezing
   543 | D        | Noticed a deep elf zephyrmancer
   543 | D        | Noticed a deep elf zephyrmancer
   543 | D        | Noticed a deep elf zephyrmancer
   543 | D        | Noticed a deep elf zephyrmancer
   545 | D        | Killed from afar by a deep elf zephyrmancer

Illustrated notes

Levels and vault maps discovered:
D:        sprint_v [room_start, room_1, room_2, room_3, room_4, room_5, room_6,
          room_7, room_8, room_9, room_10, room_11, room_12, room_13, room_14,
          room_15, room_16, room_17, room_18, room_19, room_20, room_21,
          room_22, room_23, room_24, room_25, room_26, room_27]

Skill      XL: |  1  2  3  4  5  6  7  8  9 |
---------------+----------------------------+-----
Fighting       | 7 8 10 11 13 | 13.8
Polearms       | 7 8 9 11 13 | 13.5
Armour         | 7 8 10 11 13 | 13.8
Shields        | 7 8 10 13 14 16 | 16.5

Action                     |  1- 3 |  4- 6 |  7- 9 | 10-12 || total
---------------------------+-------+-------+-------+-------++-------
  Melee: Demon trident     |     9 |     9 |    83 |    16 ||   117
         Headbutt          |     2 |     5 |    14 |     2 ||    23
 Invoke: Heroism           |       |     1 |       |       ||     1
  Evoke: Wand              |       |       |     2 |       ||     2
    Use: Potion            |       |       |     1 |     2 ||     3
 Armour: Gold dragon scale |     9 |     3 |    30 |     5 ||    47
  Dodge: Dodged            |       |     1 |     2 |       ||     3
  Block: Kite shield       |    21 |     9 |   127 |    27 ||   184

Table legend: (Time is in decaauts)
 A = Elapsed time spent in this place.
 B = Non-inter-level travel time spent in this place.
 C = Inter-level travel time spent in this place.
 D = Time resting spent in this place.
 E = Time spent auto-exploring this place.
 F = Levels seen in this place.
 G = Mean time per level.
                   A        B        C        D        E       F      G
               +--------+--------+--------+--------+--------+-----+--------+
         Total |    518 |    512 |      6 |    218 |      0 |   1 |  518.0 |
       Dungeon |    518 |    512 |      6 |    218 |      0 |   1 |  518.0 |
               +--------+--------+--------+--------+--------+-----+--------+

Top non-repeatable levels by time:
       D: 518 daAuts
